[Event "Titled Tuesday Blitz February 28 Early 2023"]
[White "Spata, German"]
[Black "Yurasova, Daria"]
[WhiteFideId "113026"]
[BlackFideId "34146919"]
[WhiteElo "2238"]
[BlackElo "2134"]
[Result "1-0"]
[Round "05"]
[TimeControl "180+2"]
[Date "2023.02.28"]
[WhiteClock "0:00:09"]
[BlackClock "0:00:18"]

1. Nf3 d5 2. d4 Nf6 3. c3 Bf5 4. Qb3 Qc8 5. Bf4 c6 6. e3 e6 7. Nbd2 Nbd7 8. h3 Be7 9. c4 O-O 10. Be2 c5 11. O-O Nb6 12. Rac1 dxc4 13. Nxc4 Nxc4 14. Bxc4 b6 15. Qa4 Qb7 16. Ba6 Qd7 17. Bb5 Qd8 18. Rfd1 Nd5 19. dxc5 a6 20. Bf1 b5 21. Qd4 Nxf4 22. Qxf4 Qa5 23. a3 Rfd8 24. Nd4 Bf8 25. Nxf5 exf5 26. Qxf5 Rxd1 27. Rxd1 Qa4 28. Rc1 g6 29. Qd7 Qa5 30. c6 Qd8 31. Qxd8 Rxd8 32. a4 Rc8 33. axb5 axb5 34. Bxb5 Bd6 35. Kf1 Rb8 36. Ba6 Rb6 37. Bb7 Bc7 38. Rc2 Kf8 39. Ke2 Ke7 40. Kd3 Rb3+ 41. Kc4 Rb6 42. b4 Bd6 43. b5 Kd8 44. Ra2 Kc7 45. Ra6 Rxa6 46. Bxa6 f5 47. Kd5 h6 48. Ke6 g5 49. Kxf5 Be7 50. Kg6 Bf8 51. f3 Bc5 52. e4 Bd6 53. Kxh6 Bf4 54. Kg6 1-0


[Site "https://www.chess.com"]

[Event "Titled Tuesday Blitz February 28 Early 2023"]
[White "Atakhan, Abtin"]
[Black "Vagman, Roy"]
[WhiteFideId "22502203"]
[BlackFideId "2828995"]
[WhiteElo "2189"]
[BlackElo "2188"]
[Result "0-1"]
[Round "05"]
[TimeControl "180+2"]
[Date "2023.02.28"]
[WhiteClock "0:00:02"]
[BlackClock "0:00:04"]

1. c4 c5 2. Nf3 Nc6 3. Nc3 Nf6 4. g3 g6 5. Bg2 Bg7 6. O-O O-O 7. d4 cxd4 8. Nxd4 Nxd4 9. Qxd4 d6 10. Qd2 Nd7 11. b3 Nc5 12. Bb2 a5 13. Rad1 Bf5 14. Nd5 f6 15. Rfe1 h5 16. h4 Kh7 17. Nf4 Bh6 18. e4 Bg4 19. f3 Bd7 20. Qf2 Ra6 21. Nd5 e6 22. Nc3 Qe7 23. Ba3 Bc6 24. f4 b6 25. Bb2 e5 26. f5 Rg8 27. fxg6+ Rxg6 28. Kh2 Ra8 29. Bh3 Rag8 30. Bf5 Bd7 31. Nd5 Qf8 32. Bxg6+ Rxg6 33. Rf1 Bg7 34. Bc1 Nxe4 35. Qf3 Nxg3 36. Rg1 Nf5 37. Qxh5+ Rh6 38. Bxh6 Bxh6 39. Qg6+ Kh8 40. Nxf6 Be6 0-1


[Site "https://www.chess.com"]

[Event "Titled Tuesday Blitz February 28 Early 2023"]
[White "Volkov, Maksim"]
[Black "Fiedorek, Michal"]
[WhiteFideId "54123070"]
[BlackFideId "1199528"]
[WhiteElo "2328"]
[BlackElo "2135"]
[Result "1-0"]
[Round "05"]
[TimeControl "180+2"]
[Date "2023.02.28"]
[WhiteClock "0:00:15"]
[BlackClock "0:00:01"]

1. d4 Nf6 2. c4 g6 3. g3 Bg7 4. Bg2 d6 5. Nf3 O-O 6. O-O Nc6 7. Nc3 Bg4 8. d5 Na5 9. b3 c5 10. dxc6 Nxc6 11. Bg5 Qa5 12. Bd2 Qh5 13. Re1 Bh3 14. Bh1 Ng4 15. Rc1 Nd4 16. Nd5 Ne6 17. Nxe7+ Kh8 18. Nd5 f5 19. Nf4 Nxf4 20. Bxf4 h6 21. Qxd6 g5 22. Be5 Nxe5 23. Nxe5 Kh7 24. Nd7 Rf7 25. Bd5 f4 26. Bxf7 Qxf7 27. Ne5 Qf5 28. Nf3 Re8 29. Qd3 Re4 30. Nd2 Rd4 31. Qxf5+ Bxf5 32. Nf3 Re4 33. Rcd1 Bc3 34. Rf1 Rxe2 35. Nd4 Bxd4 36. Rxd4 Rxa2 37. gxf4 Bh3 38. Re1 gxf4 39. Rxf4 Ra6 40. Rf3 Bg4 41. Rg3 h5 42. h3 Bf5 43. Re7+ Kh6 44. Rf3 Rg6+ 45. Kh2 Bc2 46. b4 b6 47. Ref7 a5 48. bxa5 bxa5 49. R3f6 a4 50. Rxg6+ Kxg6 51. Ra7 Kf6 52. c5 Ke6 53. c6 h4 54. f4 Kd6 55. c7 Kd7 56. Kg2 Be4+ 57. Kf2 Bf5 58. Rxa4 Bxh3 59. Rc4 Kc8 60. Kg1 Be6 61. Rc5 h3 62. Kh2 Kb7 63. f5 1-0


[Site "https://www.chess.com"]

[Event "Titled Tuesday Blitz February 28 Early 2023"]
[White "Diaz Perez, Michel Alejandro"]
[Black "Lopez Del Alamo, Antonio"]
[WhiteFideId "3517179"]
[BlackFideId "2227339"]
[WhiteElo "2333"]
[BlackElo "2175"]
[Result "1-0"]
[Round "05"]
[TimeControl "180+2"]
[Date "2023.02.28"]
[WhiteClock "0:00:32"]
[BlackClock "0:00:16"]

1. Nf3 g6 2. e4 Bg7 3. d4 c5 4. c3 cxd4 5. cxd4 d5 6. exd5 Nf6 7. Nc3 O-O 8. Qb3 Nbd7 9. d6 e6 10. h3 Nb6 11. Bf4 Nbd5 12. Bh2 a6 13. a4 Re8 14. Be2 Bf8 15. O-O Bxd6 16. Ne5 Nxc3 17. bxc3 Qc7 18. Bg3 Nd7 19. f4 Nf6 20. Bf3 Nd5 21. c4 Ne7 22. Be4 Nf5 23. Bxf5 exf5 24. Rac1 Bf8 25. c5 Rd8 26. Rfd1 Be6 27. d5 Bxc5+ 28. Kh2 Bc8 29. d6 Qb6 30. Qxf7+ 1-0


[Site "https://www.chess.com"]

[Event "Titled Tuesday Blitz February 28 Early 2023"]
[White "Nugumanov, Bakhtiyar"]
[Black "Seemann, Jakub"]
[WhiteFideId "13701797"]
[BlackFideId "21874697"]
[WhiteElo "2209"]
[BlackElo "2364"]
[Result "0-1"]
[Round "05"]
[TimeControl "180+2"]
[Date "2023.02.28"]
[WhiteClock "0:00:50"]
[BlackClock "0:02:45"]

1. e4 e6 2. Nf3 d5 3. exd5 exd5 4. d4 Nf6 5. Bd3 c5 6. O-O c4 7. Be2 Nc6 8. b3 cxb3 9. axb3 Bd6 10. c4 O-O 11. Nc3 Bg4 12. Be3 Re8 13. h3 Bh5 14. c5 Bb8 15. Ra4 Ne4 16. Qc1 Nxc3 17. Qxc3 Qc7 18. g3 Qd7 19. Kg2 Bg6 20. b4 Be4 21. b5 Ne7 22. Rc1 Ng6 23. c6 bxc6 24. bxc6 Qc7 25. Kg1 h5 26. Nd2 h4 27. Nxe4 Rxe4 28. Bf3 hxg3 29. Bxe4 gxf2+ 30. Bxf2 dxe4 31. Kf1 Qh2 32. c7 Bxc7 33. Qxc7 Nf4 34. Rc3 Qh1+ 35. Bg1 Qg2+ 36. Ke1 Qe2# 0-1


[Site "https://www.chess.com"]

[Event "Titled Tuesday Blitz February 28 Early 2023"]
[White "Yilmaz, Mustafa"]
[Black "Burke, John F"]
[WhiteFideId "6302718"]
[BlackFideId "2052970"]
[WhiteElo "2523"]
[BlackElo "2239"]
[Result "1-0"]
[Round "05"]
[TimeControl "180+2"]
[Date "2023.02.28"]
[WhiteClock "0:00:10"]
[BlackClock "0:00:52"]

1. d4 Nf6 2. c4 c5 3. d5 e6 4. Nc3 exd5 5. cxd5 d6 6. e4 g6 7. f4 Bg7 8. Bb5+ Nfd7 9. a4 O-O 10. Nf3 a6 11. Be2 Re8 12. O-O Qc7 13. Be3 Nf6 14. Nd2 Nbd7 15. Bf3 Rb8 16. g4 Nb6 17. Bf2 h5 18. gxh5 Nxh5 19. Bxh5 gxh5 20. Qxh5 Nd7 21. Bh4 Nf6 22. Bxf6 Bxf6 23. Kh1 Kf8 24. e5 dxe5 25. Nde4 Bg7 26. f5 f6 27. d6 Qf7 28. Qh7 Bd7 29. Nxc5 Bc6+ 30. Kg1 Rbd8 31. Ne6+ Rxe6 32. fxe6 Qxe6 33. Qf5 Qxf5 34. Rxf5 Rxd6 35. Re1 Ke7 36. Rh5 Ke6 37. Rh7 Bf8 38. Re2 Rd4 39. Kf1 Bc5 40. Rh6 Rf4+ 41. Ke1 Rg4 42. h4 Kf5 43. Rh5+ Kg6 44. Rh8 e4 45. Rg8+ Kf5 46. Rxg4 Kxg4 47. Nxe4 Bb4+ 48. Nc3 Kxh4 49. Kd2 Bxa4 50. Re4+ Kg5 51. Rxb4 Bc6 52. Rd4 f5 53. Rd8 f4 54. Rg8+ Kf5 55. Rf8+ Kg4 56. Ne2 f3 57. Nd4 Kg3 58. Ke3 f2 59. Rg8+ Kh2 60. Kxf2 Kh3 61. Nxc6 bxc6 62. Rg6 1-0


[Site "https://www.chess.com"]

[Event "Titled Tuesday Blitz February 28 Early 2023"]
[White "Lehtosaari, Mauri"]
[Black "Demchenko, Anton"]
[WhiteFideId "501999"]
[BlackFideId "4160258"]
[WhiteElo "2529"]
[BlackElo "2545"]
[Result "0-1"]
[Round "05"]
[TimeControl "180+2"]
[Date "2023.02.28"]
[WhiteClock "0:00:04"]
[BlackClock "0:00:02"]

1. d4 d5 2. Nf3 Nf6 3. Bg5 Ne4 4. Bf4 c5 5. e3 Qb6 6. Nc3 Nxc3 7. bxc3 c4 8. Be2 e6 9. O-O Nc6 10. e4 Be7 11. e5 Qa5 12. Qd2 h6 13. a4 b6 14. Rfb1 Bd7 15. h3 Qa6 16. Bg3 O-O-O 17. Bh4 g5 18. Bg3 Rdg8 19. Nh2 h5 20. Nf1 Rg7 21. Qd1 Rgh7 22. Ne3 Na5 23. f3 Bc6 24. Nf1 Qb7 25. Qd2 Qd7 26. Bf2 Bxa4 27. Rb2 b5 28. Rba2 Nc6 29. Qc1 Nb8 30. Qb1 Qc6 31. Ne3 Nd7 32. Nd1 Nb6 33. Nb2 Kc7 34. Qc1 Rg7 35. Qe1 a6 36. Qc1 Kb7 37. Qb1 Ka7 38. Qc1 Rhg8 39. Qd2 Kb7 40. Qc1 Kc8 41. Qb1 Kd7 42. Qc1 Bd8 43. Qd2 Ke8 44. Qc1 Rg6 45. Qd2 Be7 46. Qc1 f6 47. exf6 Bxf6 48. Qe3 Kf7 49. Bd1 Qd6 50. Qe1 Qd7 51. Bg3 Be7 52. Be5 Bd6 53. Qe3 Qc7 54. Bxd6 Qxd6 55. Qe1 Qf4 56. Qf2 Kg7 57. Qe1 Kh8 58. Qf2 Qf5 59. Rc1 Rf6 60. Qe3 Qf4 61. Qxf4 gxf4 62. Rca1 Rfg6 63. g4 fxg3 64. Kg2 h4 65. Be2 Rf6 66. Rf1 Rgf8 67. Nd1 Kg7 68. Ne3 R8f7 69. Ng4 Rf4 70. Ne5 Rc7 71. Ng4 Nd7 72. Ne3 Nf8 73. Ng4 Ng6 74. Bd1 Rf5 75. Be2 Nf4+ 0-1


[Site "https://www.chess.com"]

[Event "Titled Tuesday Blitz February 28 Early 2023"]
[White "Ilkhomi, Jaloliddin"]
[Black "Chigaev, Maksim"]
[WhiteFideId "14700948"]
[BlackFideId "4108116"]
[WhiteElo "2045"]
[BlackElo "2547"]
[Result "0-1"]
[Round "05"]
[TimeControl "180+2"]
[Date "2023.02.28"]
[WhiteClock "0:00:12"]
[BlackClock "0:00:28"]

1. d4 Nf6 2. Nf3 g6 3. Bg5 Bg7 4. c3 O-O 5. Nbd2 d6 6. e4 Nc6 7. Bc4 Qe8 8. Qe2 e5 9. dxe5 Nxe5 10. Nxe5 Qxe5 11. Bh4 Re8 12. f3 Qh5 13. Bg3 d5 14. Bd3 dxe4 15. Nxe4 Bf5 16. O-O Nxe4 17. fxe4 Qxe2 18. Bxe2 Bxe4 19. Bc4 Bf5 20. Rae1 c6 21. a4 a6 22. a5 Bf8 23. Rd1 h5 24. Bf2 Rad8 25. Bb6 Rd6 26. h3 Be6 27. Rxd6 Bxd6 28. Bxe6 Rxe6 29. Rd1 Bg3 30. Bf2 Rd6 31. Rf1 Bxf2+ 32. Rxf2 f5 33. Re2 Kf7 34. h4 Rd5 35. b4 Rd3 36. Rc2 Ke6 37. Kf2 Kd5 38. c4+ Kd4 39. b5 Ra3 40. bxc6 bxc6 41. Rd2+ Ke5 42. c5 Rxa5 43. Rd6 Rxc5 44. Rxg6 a5 45. Rg8 Kd4 46. Ra8 Kc4 47. Kf3 Kb4 48. Kf4 a4 49. Rb8+ Rb5 50. Rc8 c5 51. Kxf5 a3 52. Ra8 Ra5 53. Rb8+ Kc3 54. Rb1 c4+ 55. Kg6 a2 56. Rg1 a1=Q 57. Rxa1 Rxa1 58. Kxh5 Kd4 59. g4 c3 60. g5 c2 61. Kh6 c1=Q 62. h5 Ra6+ 63. Kh7 Qc7+ 64. Kh8 Ra8# 0-1


[Site "https://www.chess.com"]

[Event "Titled Tuesday Blitz February 28 Early 2023"]
[White "Lagno, Kateryna"]
[Black "Reprintsev, Alexander"]
[WhiteFideId "14109336"]
[BlackFideId "14100541"]
[WhiteElo "2508"]
[BlackElo "2250"]
[Result "0-1"]
[Round "05"]
[TimeControl "180+2"]
[Date "2023.02.28"]
[WhiteClock "0:00:29"]
[BlackClock "0:00:16"]

1. e4 e5 2. Nf3 Nc6 3. Bb5 Bc5 4. c3 f5 5. Bxc6 dxc6 6. Nxe5 Qe7 7. d4 Bd6 8. exf5 Bxe5 9. dxe5 Qxe5+ 10. Qe2 Qxe2+ 11. Kxe2 Bxf5 12. Rd1 Nf6 13. h3 Nd5 14. Kf1 O-O-O 15. Re1 Rhe8 16. Bd2 Bd3+ 17. Kg1 Rxe1+ 18. Bxe1 Nf4 19. Nd2 c5 20. f3 Bg6 21. Nf1 Nd3 22. Bh4 Re8 23. b3 Re2 24. Bg3 a5 25. Nh2 h5 26. Kf1 Rc2 27. Bh4 Rxc3 28. g4 Rc1+ 29. Rxc1 Nxc1 30. f4 hxg4 31. hxg4 Nxa2 32. f5 Bf7 33. Nf3 Bxb3 34. Be7 b6 35. Bf8 g6 36. f6 a4 37. Ng5 a3 38. Bg7 b5 39. Ne4 Bf7 40. Ng5 Bg8 41. f7 Bxf7 42. Nxf7 b4 43. Ke2 Nc3+ 0-1


[Site "https://www.chess.com"]

[Event "Titled Tuesday Blitz February 28 Early 2023"]
[White "Khamdamova, Afruza"]
[Black "Postny, Evgeny"]
[WhiteFideId "14210444"]
[BlackFideId "2804344"]
[WhiteElo "2210"]
[BlackElo "2509"]
[Result "0-1"]
[Round "05"]
[TimeControl "180+2"]
[Date "2023.02.28"]
[WhiteClock "0:01:19"]
[BlackClock "0:01:18"]

1. e4 c5 2. Nf3 d6 3. d4 cxd4 4. Nxd4 Nf6 5. Nc3 g6 6. Be3 Nc6 7. f3 Bg7 8. Qd2 h5 9. O-O-O Bd7 10. h3 Rc8 11. g4 hxg4 12. fxg4 Nxg4 13. Nxc6 Bxc6 14. Bd4 Bh6 15. Bxh8 Bxd2+ 16. Rxd2 Nf6 17. e5 Bxh1 18. exf6 exf6 19. Bg7 Rc5 20. Bb5+ Bc6 21. Ne4 Bxb5 22. Nxd6+ Ke7 23. Bxf6+ Kxf6 24. Ne4+ Ke5 25. Rxd8 Kxe4 26. c3 f5 27. Kc2 f4 28. a4 Bxa4+ 29. b3 Bc6 30. b4 Rd5 31. Rg8 f3 32. Rf8 Rf5 0-1


[Site "https://www.chess.com"]

[Event "Titled Tuesday Blitz February 28 Early 2023"]
[White "Orozbaev, Eldiar"]
[Black "Kozlov, Gennady"]
[WhiteFideId "13802240"]
[BlackFideId "4191668"]
[WhiteElo "2201"]
[BlackElo "2356"]
[Result "1-0"]
[Round "05"]
[TimeControl "180+2"]
[Date "2023.02.28"]
[WhiteClock "0:00:31"]
[BlackClock "0:00:36"]

1. e4 e6 2. d4 d5 3. Nc3 dxe4 4. Nxe4 Bd7 5. Nf3 Bc6 6. Bd3 Nd7 7. Qe2 Bxe4 8. Bxe4 c6 9. Bg5 Ngf6 10. O-O-O Be7 11. Bd3 h6 12. Bh4 Nd5 13. Bxe7 Qxe7 14. Qd2 a5 15. Kb1 a4 16. Rhe1 a3 17. b3 b5 18. Be4 N7f6 19. Ne5 b4 20. Bxd5 Nxd5 21. Ka1 Qc7 22. Nc4 O-O-O 23. Re5 Nc3 24. Rde1 Rd5 25. Rxd5 cxd5 26. Ne5 f6 27. Nd3 Qd6 28. Nc5 Re8 29. Qd3 e5 30. Qa6+ Qxa6 31. Nxa6 Kd7 32. dxe5 fxe5 33. Nxb4 Kd6 34. Nd3 e4 35. Nc1 Rf8 36. Ne2 d4 37. Nxc3 dxc3 38. Re2 e3 39. f3 Re8 40. Kb1 Kd5 41. Kc1 Kd4 42. Kd1 g5 43. Re1 g4 44. Ke2 gxf3+ 45. gxf3 Rg8 46. Rd1+ Ke5 47. Kxe3 Rg2 48. Kd3 Rxh2 49. Kxc3 Rf2 50. Rd3 h5 51. b4 h4 52. b5 Kf4 53. b6 Re2 54. b7 Re8 55. Rd4+ Kg3 56. Rg4+ Kh3 57. Rg7 Kh2 58. Kb4 h3 59. c4 Kh1 60. c5 h2 61. Rh7 Kg2 62. Rxh2+ Kxh2 63. c6 Re2 64. b8=Q+ 1-0


[Site "https://www.chess.com"]

[Event "Titled Tuesday Blitz February 28 Early 2023"]
[White "Boyer, Mahel"]
[Black "Martic, Ivan"]
[WhiteFideId "45102422"]
[BlackFideId "929301"]
[WhiteElo "2434"]
[BlackElo "2360"]
[Result "1-0"]
[Round "05"]
[TimeControl "180+2"]
[Date "2023.02.28"]
[WhiteClock "0:00:31"]
[BlackClock "0:00:05"]

1. e4 c5 2. Nf3 d6 3. d4 cxd4 4. Nxd4 Nf6 5. Nc3 a6 6. g3 g6 7. Bg2 Bg7 8. O-O O-O 9. Nce2 Nc6 10. Nxc6 bxc6 11. e5 dxe5 12. Qxd8 Rxd8 13. Bxc6 Rb8 14. b3 Bg4 15. Re1 Rbc8 16. Bg2 Rxc2 17. Bf1 e4 18. Ba3 Rdd2 19. Rad1 Rxa2 20. Bxe7 Nd5 21. Bg5 Bxe2 22. Rxd2 Rxd2 23. Bxd2 Bxf1 24. Kxf1 f5 25. f3 exf3 26. Re6 h6 27. Rxg6 Kf7 28. Rxa6 Bc3 29. Bxh6 Bd4 30. Rd6 Be3 31. Rxd5 Bxh6 32. Rxf5+ Ke6 33. Rxf3 1-0


[Site "https://www.chess.com"]

[Event "Titled Tuesday Blitz February 28 Early 2023"]
[White "Real_taiatai"]
[Black "Pakleza, Zbigniew"]
[BlackFideId "1119290"]
[WhiteElo "2513"]
[BlackElo "2410"]
[Result "0-1"]
[Round "05"]
[TimeControl "180+2"]
[Date "2023.02.28"]
[WhiteClock "0:00:17"]
[BlackClock "0:00:17"]

1. d4 d6 2. c4 e5 3. d5 f5 4. Nc3 Nf6 5. Nf3 Nbd7 6. e4 fxe4 7. Ng5 Nc5 8. b4 h6 9. bxc5 hxg5 10. Bxg5 Be7 11. Bxf6 gxf6 12. Nxe4 dxc5 13. Be2 f5 14. Nc3 a6 15. Bh5+ Kf8 16. Be2 Qd6 17. g4 e4 18. Rc1 Rxh2 19. Rxh2 Qxh2 20. gxf5 Bxf5 21. Qd2 Qg1+ 22. Bf1 Bg5 23. Qe2 Bxc1 24. Qh5 Bg6 25. Qh8+ Kf7 26. Qxa8 e3 27. Nd1 Bd2+ 28. Ke2 Qg4+ 29. f3 Qxc4# 0-1


[Site "https://www.chess.com"]

[Event "Titled Tuesday Blitz February 28 Early 2023"]
[White "Eynullayev, Atilla"]
[Black "Ozen, Bahadir"]
[WhiteFideId "13413570"]
[BlackFideId "6337058"]
[WhiteElo "2181"]
[BlackElo "2503"]
[Result "1/2-1/2"]
[Round "05"]
[TimeControl "180+2"]
[Date "2023.02.28"]
[WhiteClock "0:00:11"]
[BlackClock "0:00:34"]

1. d4 g6 2. c4 Bg7 3. e4 Nc6 4. d5 Nd4 5. Nc3 c5 6. Nge2 e5 7. Be3 d6 8. Qd2 f5 9. f3 Bh6 10. Bxh6 Qh4+ 11. Kd1 Qxh6 12. Nxd4 Qxd2+ 13. Kxd2 exd4 14. Nb5 Kd7 15. exf5 a6 16. fxg6 hxg6 17. Na3 Nf6 18. Bd3 g5 19. Rae1 Kd8 20. Nb1 Bd7 21. Kc2 Kc7 22. Nd2 Rag8 23. Ne4 Nh5 24. g3 Rh6 25. h4 g4 26. f4 Bf5 27. Rhg1 Re8 28. Kd2 Ng7 29. Nf2 Rhh8 30. Rxe8 Rxe8 31. Re1 Rxe1 32. Kxe1 Bxd3 33. Nxd3 Nf5 34. Nf2 Nxg3 35. Nxg4 Kd7 36. Kf2 Nf5 37. h5 Ke7 38. Kf3 b5 39. b3 Kf7 40. a4 bxc4 41. bxc4 a5 42. Ke2 Ng3+ 43. Kf3 Nxh5 44. Nf2 Ng7 45. Ne4 Nf5 46. Ng5+ Kg6 47. Ne6 d3 48. Ng5 Kf6 49. Ne4+ Ke7 50. Nf2 d2 51. Ke2 Nd4+ 52. Kxd2 Kf6 53. Ne4+ Ke7 54. Kd3 Nf5 55. Nc3 Kd7 56. Nb5 Ke7 57. Ke4 Ng3+ 58. Kf3 Nf5 59. Kg4 Ne3+ 60. Kg5 Nxc4 61. Kg6 Ne3 62. f5 Nxd5 63. Na7 c4 64. Nc6+ Kd7 65. Nxa5 c3 66. Nb3 c2 67. f6 Nxf6 68. Kxf6 Kc7 69. Ke6 Kb6 70. Kxd6 c1=R 71. Nxc1 Ka5 72. Nb3+ Kxa4 1/2-1/2


[Site "https://www.chess.com"]

[Event "Titled Tuesday Blitz February 28 Early 2023"]
[White "Toncheva, Nadya"]
[Black "Peng, Li Min"]
[WhiteFideId "2924056"]
[BlackFideId "14112620"]
[WhiteElo "2101"]
[BlackElo "2436"]
[Result "1-0"]
[Round "05"]
[TimeControl "180+2"]
[Date "2023.02.28"]
[WhiteClock "0:00:16"]
[BlackClock "0:00:07"]

1. d4 Nc6 2. d5 Ne5 3. e4 e6 4. c4 Bc5 5. Nc3 d6 6. Be2 Nf6 7. Nf3 Nxf3+ 8. Bxf3 e5 9. O-O a5 10. Bg5 h6 11. Be3 O-O 12. Bxc5 dxc5 13. Nb5 c6 14. Nc3 Qe7 15. Qc2 Rd8 16. Rad1 Bd7 17. Na4 cxd5 18. cxd5 Bxa4 19. Qxa4 Ne8 20. Qb5 Rdc8 21. Bg4 Nd6 22. Qb3 Rc7 23. Rfe1 a4 24. Qc3 b5 25. Rc1 b4 26. Qe3 Nb5 27. f4 Nd4 28. Qg3 Re8 29. fxe5 Qxe5 30. Qxe5 Rxe5 31. d6 Rc6 32. d7 Rd6 33. Kf2 Kf8 34. Bh3 Ke7 35. Rc4 h5 36. Rec1 Rc6 37. Ke3 g5 38. g4 Kxd7 39. gxh5+ Kd6 40. h6 g4 41. Bxg4 f5 42. h7 Rc8 43. Kf2 fxg4 44. Rxd4+ cxd4 45. Rxc8 Rh5 46. h8=Q Rxh8 47. Rxh8 Kc5 48. Rg8 Kc4 49. Rxg4 Kd3 50. e5 a3 51. b3 Kc2 52. e6 d3 53. e7 d2 54. Rd4 Kc3 55. Rd7 d1=Q 56. Rxd1 Kb2 57. Rd2+ Ka1 58. e8=Q Kb1 59. Qe1# 1-0


[Site "https://www.chess.com"]

[Event "Titled Tuesday Blitz February 28 Early 2023"]
[White "Nur, Shahidee Bin Saharan"]
[Black "Belov, Alexei"]
[WhiteFideId "5810973"]
[BlackFideId "4128206"]
[WhiteElo "2746"]
[BlackElo "2504"]
[Result "1-0"]
[Round "05"]
[TimeControl "180+2"]
[Date "2023.02.28"]
[WhiteClock "0:00:10"]
[BlackClock "0:00:58"]

1. e4 e6 2. d4 d5 3. Nd2 Nf6 4. e5 Nfd7 5. f4 c5 6. c3 Nc6 7. Ndf3 Qb6 8. a3 a5 9. b3 f6 10. Bd3 Be7 11. Ne2 O-O 12. Qc2 h6 13. Nh4 f5 14. Ng6 Rf7 15. Nxe7+ Nxe7 16. Be3 Qc7 17. Qd2 a4 18. b4 cxb4 19. cxb4 Nb6 20. Rc1 Nc4 21. Bxc4 dxc4 22. Nc3 Nd5 23. Nb5 Qc6 24. Nd6 Rc7 25. Rxc4 Qd7 26. O-O Rxc4 27. Nxc4 b6 28. Rc1 Ba6 29. Nd6 Ra7 30. Bf2 Rc7 31. Rxc7 Qxc7 32. b5 Bc8 33. Qd1 Bd7 34. g3 Qc4 35. Nxc4 1-0


[Site "https://www.chess.com"]

[Event "Titled Tuesday Blitz February 28 Early 2023"]
[White "Yaniuk, Volodymyr"]
[Black "Iskusnyh, Sergei"]
[WhiteFideId "14133083"]
[BlackFideId "4120027"]
[WhiteElo "2141"]
[BlackElo "2492"]
[Result "1-0"]
[Round "05"]
[TimeControl "180+2"]
[Date "2023.02.28"]
[WhiteClock "0:00:10"]
[BlackClock "0:00:02"]

1. d4 d5 2. c4 c6 3. Nf3 Nf6 4. e3 a6 5. Nbd2 Bf5 6. b3 e6 7. Bb2 Nbd7 8. Be2 h6 9. O-O Be7 10. Ne5 Nxe5 11. dxe5 Nd7 12. Nf3 O-O 13. h3 a5 14. Bd3 Be4 15. cxd5 Bxd3 16. Qxd3 exd5 17. a4 Nc5 18. Qc2 Qb6 19. Ba3 Rfe8 20. Bxc5 Bxc5 21. Rad1 Rad8 22. g3 Bb4 23. Rd3 Qc5 24. Qb2 Qe7 25. Kg2 Qe6 26. Rfd1 Qf5 27. Rd4 Bf8 28. e4 Qe6 29. exd5 cxd5 30. Qd2 Bb4 31. Qd3 Rc8 32. Rxd5 Rc3 33. Qb5 Qc6 34. Qxc6 bxc6 35. R5d3 Rb8 36. g4 Rxd3 37. Rxd3 Be7 38. Nd4 Kf8 39. Kf3 Rb6 40. Rc3 c5 41. Nb5 g5 42. Ke4 f6 43. Rf3 Kg7 44. exf6+ Bxf6 45. Kd5 Be7 46. Re3 Kf7 47. Rf3+ Kg7 48. Kc4 Re6 49. Kd5 Re1 50. Re3 Rd1+ 51. Kc6 Kf7 52. Kb6 1-0


[Site "https://www.chess.com"]

[Event "Titled Tuesday Blitz February 28 Early 2023"]
[White "Ronka, Erik"]
[Black "Javakhadze, Zurab"]
[WhiteFideId "505080"]
[BlackFideId "13603647"]
[WhiteElo "2264"]
[BlackElo "2381"]
[Result "1-0"]
[Round "05"]
[TimeControl "180+2"]
[Date "2023.02.28"]
[WhiteClock "0:00:05"]
[BlackClock "0:00:02"]

1. e4 g6 2. d4 Bg7 3. c4 c5 4. d5 d6 5. Nc3 e6 6. Nge2 exd5 7. cxd5 Nf6 8. Ng3 h5 9. Be2 h4 10. Nf1 Nh5 11. Be3 Nd7 12. Nd2 Qf6 13. O-O a6 14. f4 b5 15. e5 dxe5 16. Nce4 Qe7 17. d6 Qe6 18. f5 gxf5 19. Bxh5 Kf8 20. Nxc5 Qxd6 21. Nxd7+ Bxd7 22. Nb3 Qxd1 23. Bxd1 h3 24. g3 f4 25. gxf4 exf4 26. Bd4 Bxd4+ 27. Nxd4 Rg8+ 28. Kh1 Rc8 29. Bf3 Rc4 30. Rad1 Rg6 31. Ne2 Bf5 32. Bd5 Rc5 33. Nxf4 Rxd5 34. Nxg6+ Bxg6 35. Rxd5 Be4+ 36. Kg1 Bxd5 37. b3 Ke7 38. Kf2 Be6 39. Ke3 Kd6 40. Kd4 a5 41. Rf3 a4 42. bxa4 bxa4 43. a3 Kc6 44. Rg3 Kb6 45. Rg8 Kc6 46. Ra8 Bb3 47. Ra6+ Kb5 48. Rh6 Be6 49. Rh5+ Kb6 50. Kc3 Kc7 51. Kb4 Bd7 52. Rh7 f6 53. Rf7 f5 54. Rh7 1-0


[Site "https://www.chess.com"]

[Event "Titled Tuesday Blitz February 28 Early 2023"]
[White "Kuzmin, Roman"]
[Black "Comas Fabrego, Lluis"]
[WhiteFideId "44134932"]
[BlackFideId "2200325"]
[WhiteElo "2146"]
[BlackElo "2523"]
[Result "1-0"]
[Round "05"]
[TimeControl "180+2"]
[Date "2023.02.28"]
[WhiteClock "0:01:21"]
[BlackClock "0:00:03"]

1. e4 e5 2. Nf3 Nc6 3. Bb5 a6 4. Ba4 Nf6 5. O-O Be7 6. Re1 b5 7. Bb3 d6 8. c3 O-O 9. h3 Na5 10. Bc2 c5 11. d4 Nd7 12. Nbd2 exd4 13. cxd4 Nc6 14. Nf1 cxd4 15. Nxd4 Nxd4 16. Qxd4 Ne5 17. Ne3 Bxh3 18. f4 Bh4 19. Rd1 Ng4 20. gxh3 Nf2 21. Nf5 Nxh3+ 22. Kg2 Bf6 23. Qe3 Qc8 24. Bb3 g6 25. Nh6+ Kg7 26. Qxh3 Qxh3+ 27. Kxh3 Kxh6 28. Rxd6 Be7 29. Rd7 Rae8 30. Be3 Kg7 31. Rc1 Bd8 32. Bd4+ Kh6 33. Kg4 f5+ 34. exf5 gxf5+ 35. Kf3 1-0


[Site "https://www.chess.com"]

[Event "Titled Tuesday Blitz February 28 Early 2023"]
[White "Wagner, Dennis"]
[Black "Valgmae, Toomas"]
[WhiteFideId "24650684"]
[BlackFideId "4502523"]
[WhiteElo "2470"]
[BlackElo "2170"]
[Result "1/2-1/2"]
[Round "05"]
[TimeControl "180+2"]
[Date "2023.02.28"]
[WhiteClock "0:00:04"]
[BlackClock "0:00:07"]

1. d4 d5 2. Nf3 Nf6 3. c4 c6 4. Nbd2 Bg4 5. h3 Bh5 6. Nh4 e6 7. g4 Bg6 8. Nxg6 hxg6 9. Bg2 Nbd7 10. Qb3 Qb6 11. Qc2 Be7 12. e3 O-O-O 13. cxd5 exd5 14. O-O Kb8 15. Rb1 Qc7 16. Nf3 Ne4 17. b4 f5 18. gxf5 gxf5 19. b5 Rc8 20. Bd2 g5 21. bxc6 Qxc6 22. Qb3 Nb6 23. Rfc1 Qe6 24. Ba5 Rxc1+ 25. Rxc1 Nc4 26. Bb4 g4 27. hxg4 fxg4 28. Ne5 Bxb4 29. Nxc4 dxc4 30. Qxb4 g3 31. fxg3 Nd6 32. Re1 Rc8 33. Qc3 Ne4 34. Qc2 Nxg3 35. Qf2 Ne4 36. Qf4+ Ka8 37. Qxe4 Qd7 38. Rb1 Rb8 39. Qd5 Qc7 40. e4 c3 41. e5 c2 42. Rc1 Qc3 43. Qf3 Qd2 44. Qf1 Qxd4+ 45. Qf2 Qd1+ 46. Qf1 Qd4+ 47. Qf2 Qd1+ 48. Qf1 Qd4+ 1/2-1/2


[Site "https://www.chess.com"]

[Event "Titled Tuesday Blitz February 28 Early 2023"]
[White "Aydincelebi, Kagan"]
[Black "Ramirez Allo, Eduardo"]
[WhiteFideId "6361102"]
[BlackFideId "2224178"]
[WhiteElo "2180"]
[BlackElo "2473"]
[Result "1-0"]
[Round "05"]
[TimeControl "180+2"]
[Date "2023.02.28"]
[WhiteClock "0:00:49"]
[BlackClock "0:00:02"]

1. e4 c5 2. Nf3 d6 3. Bb5+ Nd7 4. O-O a6 5. Bd3 Ngf6 6. c3 e6 7. Bc2 Be7 8. d4 O-O 9. Re1 b5 10. e5 dxe5 11. dxe5 Nd5 12. Nbd2 Bb7 13. Ne4 Qc7 14. Bg5 Bxg5 15. Nexg5 g6 16. Qe2 Rfd8 17. Qe4 Nf8 18. Qh4 c4 19. Rad1 b4 20. cxb4 Nxb4 21. Bb1 Rxd1 22. Rxd1 Rd8 23. Rc1 a5 24. h3 Nd3 25. Rxc4 Qb6 26. Bxd3 Rxd3 27. b3 Qd8 28. Qf4 h6 29. Qxf7+ Kh8 30. Rc7 Rd7 31. Rxd7 Nxd7 32. Nxe6 Qc7 33. Qg7# 1-0


[Site "https://www.chess.com"]